Map: Dusty Gorge

Players

PureLegacy - Winner!

  • Race: Terran Terran
  • Spawn Location: 5:00

lllIIllIllIl - Winner!

  • Race: Protoss Protoss
  • League: Silver
  • Spawn Location: 3:00

Tiny

  • Race: Zerg Zerg
  • Spawn Location: 11:00

Taikeezy

  • Race: Protoss Protoss
  • League: Gold
  • Spawn Location: 9:00

VOD

Have the link to the VOD?

Description

Time

  • Played on: Nov. 28, 2018, 9:26 a.m.
  • Length: 5:18
Show
View Real Time Build Order
Export as new Build Order

PureLegacy Terran - Winner!

Build Orders:  

Get SALT Encoding   

  12  0:09  Supply Depot  
  12  0:33  Barracks  
  12  0:36  Barracks x2  
  12  0:42  Barracks  
  12  0:53  Barracks  
  12  1:09  Refinery  
  12  1:21  Refinery  
  12  1:25  Reaper  
  13  1:26  Reaper  
  13  1:30  Reaper  
  13  1:32  Reaper  
  16  1:46  Reaper  
  17  1:53  Supply Depot  
  17  1:57  Reaper  
  17  1:58  Reaper  
  19  2:02  Reaper  
  20  2:19  Reaper  
  20  2:20  Reaper  
  22  2:35  Reaper x3  
  25  2:48  Orbital Command  
  25  2:51  Supply Depot  
  25  2:52  Reaper x2  
  27  3:07  Reaper  
  27  3:10  Reaper x2  
  30  3:22  SCV  
  31  3:32  Barracks  
  31  3:33  Barracks  
  31  3:34  Barracks  
  31  3:43  Reaper x3  
  31  3:47  Engineering Bay  
  31  3:48  Reaper  
  35  3:53  Reaper  
  36  4:15  Reaper x2  
  38  4:23  Reaper  
  39  4:28  Reaper x2  
  41  4:33  Reaper  
  41  4:34  Reaper  
Show
View Real Time Build Order
Export as new Build Order

lllIIllIllIl Protoss - Winner!

Build Orders:  

Get SALT Encoding   

  12  0:13  Assimilator x2  
  12  1:05  Probe  
  13  1:13  Probe  
  14  1:23  Probe  
  15  1:41  Pylon  
  15  2:46  Probe  
  16  2:55  Probe  
  16  3:05  Probe  
  18  3:17  Probe  
  19  3:27  Probe  
  20  3:35  Probe  
  21  3:45  Probe  
Show
View Real Time Build Order
Export as new Build Order

Tiny Zerg 

Build Orders: Hatch First 

Get SALT Encoding   

  12  0:01  Drone  
  13  0:13  Overlord  
  13  0:20  Drone  
  14  0:33  Drone x2  
  16  0:38  Drone  
  17  0:56  Hatchery  
  16  1:00  Drone  
  17  1:06  Extractor  
  17  1:10  Drone  
  17  1:15  Drone  
  18  1:21  Spawning Pool  
  18  1:25  Drone  
  18  1:35  Drone  
  19  1:44  Overlord  
  19  2:01  Drone  
  20  2:10  Queen x2  
  20  2:11  Metabolic Boost  
  24  2:22  Zergling x6  
  27  2:34  Zergling x6  
  27  2:35  Zergling x2  
  31  2:45  Zergling x4  
  33  2:53  Spine Crawler  
  33  2:54  Spine Crawler  
  31  3:08  Zergling x8  
  35  3:18  Zergling x6  
  31  3:29  Zergling x2  
  31  3:30  Zergling x8  
  36  3:52  Overlord  
  36  4:06  Overlord  
  36  4:10  Zergling x4  
  36  4:11  Zergling x12  
  44  4:21  Baneling Nest  
  36  4:41  Zergling x2  
  36  4:42  Zergling x12  
  30  4:53  Zergling x6  
Show
View Real Time Build Order
Export as new Build Order

Taikeezy Protoss 

Build Orders:  

Get SALT Encoding   

  12  0:01  Probe  
  13  0:13  Probe  
  14  0:20  Pylon  
  14  0:27  Probe  
  15  0:35  Assimilator  
  15  0:41  Gateway, Probe  
  15  0:49  Probe  
  17  0:59  Probe  
  18  1:05  Assimilator  
  19  1:11  Probe  
  19  1:23  Probe  
  20  1:29  Cybernetics Core  
  20  1:31  Pylon  
  20  1:35  Probe  
  21  1:47  Probe  
  22  1:59  Forge  
  22  2:04  Stalker  
  22  2:05  Gateway  
  22  2:09  Gateway  
  24  2:23  Warp Gate  
  24  2:42  Pylon  
  24  2:46  Stalker  
  26  2:55  Photon Cannon  
  17  3:08  Stalker x2  
  14  3:32  Probe  
Tags
 
Add a new tag
Caveats
  • Supply blocks, unpowered buildings, or Contaminate may cause inaccurate times.
  • Supply counts are checked every 10 seconds.